cohdb
Replays
Latest Replays
All Replays
Popular Replays
Top Player Replays
Match Explorer
How It Works
Community
CoH3 Stats
Reddit
Sign in to upload your games and track your stats! →
Sign in with Steam
Match 20937090
Unlisted
Match 20937090
Overview
Messages
Build Orders
End
Construct Section Command Post
Vickers Machine Gun Team
Infantry Section
ML 3-inch Mortar Team
Infantry Section
Construct Platoon Command Post
Humber Armored Car
Infantry Section
Selects Indian Artillery Battlegroup
Selects Valour
Selects Towed ML 4.2-inch Heavy Mortar
6-pounder Anti-tank Gun Team
Selects Gurkha Rifles Section
Gurkha Rifles Section
Towed ML 4.2-inch Heavy Mortar
Construct Company Command Post
Selects Volunteer Infantry
Unlock M3 Grant Medium Tanks
M3 Grant Medium Tank
TidaL
Pubertz
Sanya
Karl Müller
Guru
subzero_86
0
0
Comments
sign in to comment!
No comments posted yet!